[Event "Team 45 45 League T89"]
[Site "Internet Chess Club"]
[Date "2021.07.10"]
[Round "1"]
[White "kidcobra"]
[Black "bobhill"]
[Result "1/2-1/2"]
[WhiteElo "1900"]
[BlackElo "1881"]
[Opening "Sicilian: Smith-Morra gambit"]
[ECO "B21"]
[Time "13:22:33"]
[TimeControl "2700+45"]

1. e4 c5 2. d4 cxd4 3. c3 dxc3 4. Nxc3 Nc6 5. Nf3 d6 6. Bc4 Nf6 7. h3 g6 8. O-O
Qc7 9. Qe2 Bg7 10. Be3 O-O 11. Rfd1 a6 12. Rac1 Qa5 13. a3 Qh5 14. Nd5 Nxd5 15.
Rxd5 Ne5 16. Nxe5 Qxe2 17. Bxe2 Bxe5 18. Rd2 Bd7 19. Rc7 Bc6 20. f4 Bg7 21. Bd4
e5 22. fxe5 dxe5 23. Bc5 Rfd8 24. Rxd8+ Rxd8 25. Bc4 Bxe4 26. Rxf7 Bd5 27. Bxd5
Rxd5 28. Rc7 Bf6 29. b4 e4 30. Rxb7 Rd3 31. a4 e3 32. Rb8+ Kf7 33. Rf8+ Ke6 34.
Re8+ Kd5 35. Bxe3 Kc4 36. Re6 Bc3 37. Bc5 a5 38. Re4+ Kd5 39. Rg4 axb4 40. Bxb4
Bd4+ 41. Kf1 Rb3 42. Bf8 Rb1+ 43. Ke2 Rb2+ 44. Kd1 Ra2 45. Rg5+ Kc4 46. Rg3 Rxa4
47. Ra3 Rxa3 48. Bxa3 Kd3 49. Ke1 h5 50. Kf1 Ke4 51. Ke2 Be5 52. Bc5 Kf4 53. Kf2
Ke4 {Game drawn by mutual agreement} 1/2-1/2

[Event "Team 45 45 League T89"]
[Site "Internet Chess Club"]
[Date "2021.07.11"]
[Round "1"]
[White "CPTsopiens"]
[Black "fhunfi"]
[Result "1/2-1/2"]
[WhiteElo "1715"]
[BlackElo "1794"]
[Opening "French: Tarrasch, Eliskases variation"]
[ECO "C07"]
[Time "17:30:17"]
[TimeControl "2700+45"]

1. e4 e6 2. d4 d5 3. Nd2 c5 4. Ngf3 cxd4 5. exd5 Qxd5 6. Bc4 Qd8 7. O-O Nc6 8.
Nb3 a6 9. Nbxd4 Nxd4 10. Nxd4 Bd6 11. h3 Qc7 12. Bb3 Ne7 13. c3 O-O 14. Be3 e5
15. Nf3 Ng6 16. Ng5 h6 17. Ne4 Be7 18. c4 Be6 19. Rc1 Rad8 20. Qe2 Qc6 21. Nc3
Bc5 22. Nd5 Ne7 23. Bxc5 Qxc5 24. Nxe7+ Qxe7 25. Qxe5 Qb4 26. Qc3 Qxc3 27. Rxc3
Rd2 28. c5 Rxb2 29. Bxe6 fxe6 30. Rb3 Rxb3 31. axb3 Rc8 32. b4 a5 33. bxa5 Rxc5
34. Rb1 Rxa5 35. Rxb7 Ra6 36. g4 Kh7 37. Kg2 Kg6 38. h4 Kf6 39. Kg3 Ra3+ 40. f3
Ra5 41. Rb6 Ra4 42. g5+ hxg5 43. hxg5+ Kxg5 44. Rxe6 Rb4 45. Re5+ Kf6 46. f4
Rb3+ 47. Kg4 Rb1 48. Rf5+ Kg6 49. Rc5 Rg1+ 50. Kf3 {Game drawn by mutual
agreement} 1/2-1/2

[Event "Team 45 45 League T89"]
[Site "Internet Chess Club"]
[Date "2021.07.13"]
[Round "1"]
[White "tacticaltal"]
[Black "Beetlejuice"]
[Result "1/2-1/2"]
[WhiteElo "1650"]
[BlackElo "1700"]
[Opening "Sicilian: Smith-Morra gambit"]
[ECO "B21"]
[Time "13:00:18"]
[TimeControl "2700+45"]

1. e4 c5 2. d4 cxd4 3. c3 dxc3 4. Nxc3 Nc6 5. Nf3 d6 6. Bc4 a6 7. O-O Nf6 8. e5
dxe5 9. Qxd8+ Nxd8 10. Nxe5 e6 11. Rd1 Nd7 12. Nf3 Be7 13. a4 O-O 14. Be3 Nc6
15. Be2 Nf6 16. Rd2 Bb4 17. Rc2 h6 18. h3 Bd7 19. Bc4 Rac8 20. Ba2 Ne7 21. Rac1
Bxc3 22. bxc3 Bxa4 {Game drawn by mutual agreement} 1/2-1/2

[Event "Team 45 45 League T89"]
[Site "Internet Chess Club"]
[Date "2021.07.09"]
[Round "1"]
[White "Kingfisher75"]
[Black "Gojira"]
[Result "1-0"]
[WhiteElo "1604"]
[BlackElo "1494"]
[Opening "Sicilian: Hungarian variation"]
[ECO "B27"]
[Time "18:02:35"]
[TimeControl "2700+45"]

1. e4 c5 2. Nf3 g6 3. c3 d5 4. exd5 Qxd5 5. d4 Bg7 6. Nbd2 cxd4 7. Bc4 Qc6 8.
Qb3 Be6 9. Bxe6 Qxe6+ 10. Qxe6 fxe6 11. Nxd4 Bxd4 12. cxd4 Nc6 13. Nf3 Rd8 14.
Be3 Nf6 15. O-O Ng4 16. Rad1 Nxe3 17. fxe3 O-O 18. Ng5 Rxf1+ 19. Kxf1 Rd6 20.
Ne4 Rd5 21. Nc5 e5 22. e4 Rxd4 23. Rxd4 exd4 24. Nxb7 e5 25. Nc5 Kf7 26. Ke2 Ke7
27. a3 Kd6 28. b4 a5 29. Na6 axb4 30. axb4 Nb8 31. Nxb8 {Black resigns} 1-0

[Event "Team 45 45 League T89"]
[Site "Internet Chess Club"]
[Date "2021.07.11"]
[Round "1"]
[White "primerpaso"]
[Black "fileman"]
[Result "1-0"]
[WhiteElo "1868"]
[BlackElo "1766"]
[Opening "English: Sicilian reversed"]
[ECO "A25"]
[Time "14:03:17"]
[TimeControl "2700+45"]

1. c4 Nc6 2. Nc3 e5 3. g3 b6 4. Bg2 Bb7 5. b3 Nf6 6. Bb2 Be7 7. e3 Na5 8. Nf3 d6
9. O-O Nc6 10. d4 exd4 11. exd4 O-O 12. Re1 Re8 13. d5 Nb8 14. Nd4 Nbd7 15. Qd2
Ne5 16. h3 a5 17. f4 Ng6 18. Nc6 Bxc6 19. dxc6 Bf8 20. Nd5 Nxd5 21. cxd5 Be7 22.
Kh2 Rf8 23. Re4 Bf6 24. Rae1 Bxb2 25. Qxb2 Qc8 26. Qd4 Qa6 27. Bf1 Qc8 28. h4
Qg4 29. Be2 Qf5 30. h5 Nh8 31. g4 Qc8 32. Bf3 f5 33. Re7 Rf7 34. Kg3 Qf8 35.
R7e3 Rd8 36. gxf5 Rf6 37. Re7 Rc8 38. Qe4 Nf7 39. Bg4 Nh6 40. Rd7 Nxf5+ 41. Kh3
g6 42. hxg6 Qh6+ 43. Kg2 Qxg6 44. Kf2 Kh8 45. Rg1 Nh4 46. Qxg6 Rxf4+ 47. Ke3
Nxg6 48. Rxh7+ Kxh7 49. Bxc8 Rf8 50. Be6 Ne5 51. Rg5 Rf3+ 52. Ke2 Rf4 53. Rxe5
a4 54. Rf5 {Black resigns} 1-0

[Event "Team 45 45 League T89"]
[Site "Internet Chess Club"]
[Date "2021.07.10"]
[Round "1"]
[White "elmaestro"]
[Black "QuieroAprender"]
[Result "1/2-1/2"]
[WhiteElo "1622"]
[BlackElo "1679"]
[Opening "KGA: bishop's gambit, Anderssen variation"]
[ECO "C33"]
[Time "21:16:00"]
[TimeControl "2700+45"]

1. e4 e5 2. f4 exf4 3. Bc4 d5 4. Bxd5 c6 5. Bb3 Qh4+ 6. Kf1 Be6 7. Nf3 Qh5 8.
Nc3 Nd7 9. d4 Bxb3 10. axb3 g5 11. h4 h6 12. Kg1 g4 13. Nh2 f3 14. gxf3 gxf3
{Game drawn by mutual agreement} 1/2-1/2

[Event "Team 45 45 League T89"]
[Site "Internet Chess Club"]
[Date "2021.07.11"]
[Round "1"]
[White "ElValero"]
[Black "Rookmaster"]
[Result "1-0"]
[WhiteElo "1610"]
[BlackElo "1546"]
[Opening "English opening"]
[ECO "A05"]
[Time "09:00:16"]
[TimeControl "2700+45"]

1. Nf3 Nf6 2. c4 e6 3. Nc3 d5 4. cxd5 exd5 5. d4 c6 6. Bg5 Bd6 7. Qc2 h6 8. Bh4
Bg4 9. Ne5 Bh5 10. g4 Bxe5 11. dxe5 Bg6 12. Qa4 Nbd7 13. exf6 gxf6 14. Bg2 O-O
15. O-O Nb6 16. Qf4 Kg7 17. e4 Rc8 18. exd5 cxd5 19. Rad1 Rc4 {Black resigns}
1-0

[Event "Team 45 45 League T89"]
[Site "Internet Chess Club"]
[Date "2021.07.08"]
[Round "1"]
[White "filmdirector"]
[Black "Portola"]
[Result "1/2-1/2"]
[WhiteElo "1618"]
[BlackElo "1694"]
[Opening "French: exchange variation"]
[ECO "C01"]
[Time "17:09:34"]
[TimeControl "2700+45"]

1. e4 e6 2. d4 d5 3. exd5 exd5 4. Nf3 Nf6 5. Bd3 Be7 6. O-O O-O 7. Nc3 Bg4 8. h3
Bh5 9. g4 Bg6 10. Ne5 c6 11. Nxg6 hxg6 12. Ne2 Nbd7 13. Ng3 c5 14. c3 Nh7 15. f4
Bh4 16. Ne2 Be7 17. g5 cxd4 18. cxd4 Nb6 19. h4 Re8 20. f5 gxf5 21. Bxf5 g6 22.
Bc2 Qd7 23. Nf4 Bd6 24. Qf3 Bxf4 25. Bxf4 Rac8 26. Rf2 Re7 27. h5 Nf8 28. b3 Rc6
29. Be5 Nh7 30. hxg6 fxg6 31. Raf1 Qe8 32. Bd3 a6 33. a4 Rce6 34. a5 Nd7 35.
Qxd5 Nxg5 36. Kg2 Nxe5 37. dxe5 Qc6 38. Qxc6 Rxc6 39. Bc4+ Kg7 40. Re2 Ne6 41.
Bxe6 Rcxe6 42. Rfe1 {Game drawn by mutual agreement} 1/2-1/2

[Event "Team 45 45 League T89"]
[Site "Internet Chess Club"]
[Date "2021.07.10"]
[Round "1"]
[White "Packerfan"]
[Black "KidRattler"]
[Result "0-1"]
[WhiteElo "1841"]
[BlackElo "1758"]
[Opening "Caro-Kann: anti-anti-Caro-Kann defense"]
[ECO "A11"]
[Time "10:15:27"]
[TimeControl "2700+45"]

1. c4 c6 2. e4 d5 3. cxd5 cxd5 4. e5 Bf5 5. d4 e6 6. Nf3 h6 7. Nc3 Nc6 8. Bd3
Bxd3 9. Qxd3 Bb4 10. O-O Nge7 11. a3 Bxc3 12. bxc3 Na5 13. Nd2 Rc8 14. Bb2 Nc4
15. Nxc4 Rxc4 16. Rfc1 O-O 17. a4 Nf5 18. Ba3 Re8 19. a5 Qxa5 20. g4 Ra4 21. Bb2
Nh4 22. Rxa4 Qxa4 23. Ra1 Qb3 24. Ba3 b6 25. Bd6 Rc8 26. Rxa7 Qxc3 27. Qxc3 Rxc3
28. f4 Rf3 29. g5 Rxf4 30. gxh6 gxh6 31. Rb7 Rxd4 32. Rxb6 Rd2 33. Rb8+ Kg7 34.
Bf8+ Kg6 35. Rb3 Rg2+ 36. Kh1 Re2 37. Rg3+ Kf5 38. Kg1 Kxe5 39. Bxh6 Nf5 40.
Bg7+ Nxg7 41. Rxg7 f5 42. h4 Re4 43. Rh7 d4 44. h5 d3 45. Kf2 Rd4 46. Ke1 Ke4
47. Kd2 Rc4 48. Re7 Rc2+ 49. Kd1 Ke5 50. h6 Rh2 51. h7 Kf6 52. Rd7 e5 53. Rxd3
Rxh7 54. Ke2 Rh2+ 55. Kf1 e4 56. Rd8 f4 57. Rf8+ Ke5 58. Rf7 f3 59. Rf8 Kd4 60.
Ra8 Rd2 61. Ke1 Ke3 62. Ra3+ Rd3 63. Ra2 Rb3 64. Re2+ Kf4 65. Ra2 Rb1+ 66. Kd2
e3+ 67. Kc2 f2 {White resigns} 0-1

[Event "Team 45 45 League T89"]
[Site "Internet Chess Club"]
[Date "2021.07.10"]
[Round "1"]
[White "MathMonkey"]
[Black "DeepPoo"]
[Result "1-0"]
[WhiteElo "1485"]
[BlackElo "1745"]
[Opening "French: Tarrasch, closed variation, main line"]
[ECO "C06"]
[Time "14:01:02"]
[TimeControl "2700+45"]

1. e4 e6 2. d4 d5 3. Nd2 Nf6 4. e5 Nfd7 5. Bd3 c5 6. c3 Nc6 7. Ne2 cxd4 8. cxd4
f6 9. exf6 Nxf6 10. a3 Bd6 11. O-O Qc7 12. Nf3 O-O 13. Bg5 Nh5 14. Qc2 h6 15.
Bh7+ Kh8 16. Qg6 Rxf3 17. gxf3 Bxh2+ 18. Kh1 Nf4 19. Bxf4 Bxf4 20. Kg2 Bd7 21.
Rh1 Rf8 22. Rh4 Rf5 23. Nxf4 Rg5+ 24. Qxg5 hxg5 25. Ng6# {Black checkmated} 1-0

[Event "Team 45 45 League T89"]
[Site "Internet Chess Club"]
[Date "2021.07.07"]
[Round "1"]
[White "Boxermam"]
[Black "Demachaeron"]
[Result "1/2-1/2"]
[WhiteElo "1726"]
[BlackElo "1729"]
[Opening "Scandinavian (center counter) defense"]
[ECO "B01"]
[Time "13:00:27"]
[TimeControl "2700+45"]

1. e4 d5 2. exd5 Qxd5 3. Nc3 Qd8 4. d4 Nf6 5. Nf3 Bg4 6. h3 Bxf3 7. Qxf3 c6 8.
Be3 e6 9. Bc4 Bb4 10. O-O Nbd7 11. Rad1 O-O 12. Ne4 Nxe4 13. Qxe4 Nf6 14. Qf3
Nd5 15. Bxd5 cxd5 16. Bf4 Be7 17. c4 b6 18. cxd5 Qxd5 19. Qxd5 exd5 20. Be5 Rac8
{Game drawn by mutual agreement} 1/2-1/2

[Event "Team 45 45 League T89"]
[Site "Internet Chess Club"]
[Date "2021.07.10"]
[Round "1"]
[White "Kingsacrificed"]
[Black "ivanson"]
[Result "1-0"]
[WhiteElo "1484"]
[BlackElo "1575"]
[Opening "King's Indian: East Indian defense"]
[ECO "A48"]
[Time "15:00:28"]
[TimeControl "2700+45"]

1. d4 Nf6 2. Nf3 g6 3. Nc3 d5 4. Bf4 Bg7 5. e3 O-O 6. Be2 c5 7. dxc5 Nbd7 8.
Nxd5 Nxd5 9. Qxd5 Bxb2 10. Rd1 Qa5+ 11. Kf1 Nf6 12. Qb3 Ba3 13. Bh6 Be6 14. Qxb7
Rab8 15. Qxe7 Nd5 16. Qd6 Rfd8 17. Qe5 Bb2 18. Nd4 Bxd4 19. exd4 {Black resigns}
1-0

[Event "Team 45 45 League T89"]
[Site "Internet Chess Club"]
[Date "2021.07.12"]
[Round "1"]
[White "zugknightly"]
[Black "Sloggi"]
[Result "1-0"]
[WhiteElo "1935"]
[BlackElo "1915"]
[Opening "English: Caro-Kann defensive system"]
[ECO "A11"]
[Time "21:08:12"]
[TimeControl "2700+45"]

1. c4 c6 2. g3 d5 3. Bg2 Nf6 4. Nf3 Bg4 5. Ne5 Be6 6. cxd5 Bxd5 7. Nf3 c5 8. Nc3
Bc6 9. O-O e6 10. Qc2 Be7 11. Rd1 Nbd7 12. d4 cxd4 13. Nxd4 Bxg2 14. Kxg2 O-O
15. a3 Rc8 16. e4 a6 17. Qe2 Qa5 18. Rb1 Rfd8 19. f4 Qh5 20. e5 Qxe2+ 21. Ndxe2
Ne8 22. Be3 Bc5 23. Bxc5 Nxc5 24. b4 Nd7 25. Ne4 Rc2 26. Kf1 Nc7 27. Rbc1 Rxc1
28. Rxc1 Nd5 29. Nd6 Rb8 30. Nc3 Ne7 31. Nce4 Nd5 32. Nc5 N7b6 33. Ncxb7 Kf8 34.
Na5 f6 35. Kf2 Ra8 36. Rc6 fxe5 37. fxe5 Ke7 38. Nac4 Nxc4 39. Nxc4 Ra7 40. Nb6
{Black resigns} 1-0

[Event "Team 45 45 League T89"]
[Site "Internet Chess Club"]
[Date "2021.07.08"]
[Round "1"]
[White "Tufnell"]
[Black "Ajolote"]
[Result "1-0"]
[WhiteElo "1880"]
[BlackElo "1957"]
[Opening "Sicilian: Pelikan, Chelyabinsk variation"]
[ECO "B33"]
[Time "14:10:30"]
[TimeControl "2700+45"]

1. e4 c5 2. Nf3 Nc6 3. d4 cxd4 4. Nxd4 Nf6 5. Nc3 e5 6. Ndb5 d6 7. Bg5 a6 8. Na3
b5 9. Bxf6 gxf6 10. Nd5 Bg7 11. Bd3 Ne7 12. Nxe7 Qxe7 13. O-O O-O 14. c4 f5 15.
Qf3 d5 16. cxd5 fxe4 17. Bxe4 Rb8 18. Rfd1 Rb6 19. Qd3 f5 20. d6 Qf6 21. Qd5+
Kh8 22. Qc5 Rb8 23. Bc6 Be6 24. Nc2 Rg8 25. Nb4 e4 26. Nxa6 Qg5 27. g3 Rbd8 28.
Nc7 Bf7 29. Bxe4 Bxb2 30. Rab1 Qg7 31. Bxf5 Bxa2 32. Ne6 Qf6 33. Rxb2 Qxb2 34.
Nxd8 Rxd8 35. Qc7 {Black resigns} 1-0

[Event "Team 45 45 League T89"]
[Site "Internet Chess Club"]
[Date "2021.07.10"]
[Round "1"]
[White "harrington"]
[Black "room-matt"]
[Result "1-0"]
[WhiteElo "1632"]
[BlackElo "1792"]
[Opening "Giuoco Piano"]
[ECO "C54"]
[Time "11:07:33"]
[TimeControl "2700+45"]

1. e4 e5 2. Nf3 Nc6 3. Bc4 Bc5 4. c3 Nf6 5. d3 d6 6. O-O a6 7. Bb3 O-O 8. Re1
Na5 9. Bc2 Bb6 10. b4 Nc6 11. Nbd2 Ng4 12. Re2 Be6 13. Bb2 Qf6 14. h3 Nh6 15. a4
Qg6 16. Kh1 Ba7 17. Bb3 Qh5 18. Bxe6 fxe6 19. Qg1 Ng4 20. d4 exd4 21. cxd4 Nxb4
22. Ra3 Rad8 23. Rb3 c5 24. Qc1 a5 25. Kg1 Nf6 26. Qc4 d5 27. exd5 exd5 28. Qb5
cxd4 29. Bxd4 Bxd4 30. Nxd4 Rde8 31. Rxe8 Rxe8 32. N2f3 Qg6 33. Qxa5 Nc6 34.
Nxc6 bxc6 35. Qc7 Ne4 36. Rb8 c5 37. Ne5 Qe6 38. Rxe8+ Qxe8 39. a5 c4 40. a6
{Black resigns} 1-0

[Event "Team 45 45 League T89"]
[Site "Internet Chess Club"]
[Date "2021.07.08"]
[Round "1"]
[White "fhunfi"]
[Black "KidRattler"]
[Result "1-0"]
[WhiteElo "1798"]
[BlackElo "1740"]
[Opening "Scandinavian (center counter) defense"]
[ECO "B01"]
[Time "19:05:33"]
[TimeControl "2700+45"]

1. e4 d5 2. exd5 Qxd5 3. Nf3 Qd8 4. d4 Nf6 5. Be2 a6 6. O-O Bf5 7. c3 e6 8. Qb3
Qc8 9. Nbd2 Bd6 10. Nc4 O-O 11. Nxd6 cxd6 12. Bf4 d5 13. Nh4 Bg6 14. Nxg6 hxg6
15. Rfd1 Nc6 16. Rac1 b5 17. f3 Nh5 18. Be3 Qb7 19. Qc2 Rac8 20. Qb1 Rfd8 21. g4
Nf6 22. Kf2 Rd7 23. h4 Na5 24. Rh1 Rdc7 25. h5 gxh5 26. g5 Nh7 27. Rxh5 g6 28.
Rh6 Kg7 29. Rch1 Rh8 30. Bd3 Kg8 31. Bf4 b4 32. Be5 bxc3 33. Bxh8 f5 34. Be5 c2
35. Bxc2 Rf7 36. Rxg6+ Kf8 37. Rxe6 Qb4 38. Qc1 Nc4 39. g6 Nxe5 40. Rxe5 Qxd4+
41. Qe3 Qxb2 42. Re8+ Kg7 43. Qh6+ Kf6 44. gxh7# {Black checkmated} 1-0

[Event "Team 45 45 League T89"]
[Site "Internet Chess Club"]
[Date "2021.07.09"]
[Round "1"]
[White "achessman"]
[Black "MathMonkey"]
[Result "1-0"]
[WhiteElo "1863"]
[BlackElo "1457"]
[Opening "Ruy Lopez: Wormald (Alapin) attack"]
[ECO "C77"]
[Time "21:00:45"]
[TimeControl "2700+45"]

1. e4 e5 2. Nf3 Nc6 3. Bb5 a6 4. Ba4 Nf6 5. Qe2 b5 6. Bb3 Bc5 7. d3 d6 8. Bg5 h6
9. Bh4 Bg4 10. c3 g5 11. Bg3 O-O 12. Nbd2 Ne7 13. Nf1 Ng6 14. Ne3 Nf4 15. Bxf4
exf4 16. Nxg4 Nxg4 17. Nd4 Nf6 18. Nf5 Kh7 19. g3 Qd7 20. Qf3 Rg8 21. O-O-O a5
22. gxf4 g4 23. Qe2 b4 24. d4 Bb6 25. Bc2 bxc3 26. bxc3 Rab8 27. e5 Nd5 28. Ne7+
Kh8 29. Nxd5 Qc6 30. Qd3 Rg7 31. Ne7 Qd7 32. Nf5 Rg6 33. h3 a4 34. hxg4 Ba5 35.
Rxh6+ Rxh6 36. Nxh6 f6 37. exf6 Rf8 38. Qg6 Bxc3 39. Nf7+ Qxf7 40. Rh1+ Qh7 41.
Rxh7# {Black checkmated} 1-0

[Event "Team 45 45 League T89"]
[Site "Internet Chess Club"]
[Date "2021.07.09"]
[Round "1"]
[White "DeepPoo"]
[Black "primerpaso"]
[Result "0-1"]
[WhiteElo "1773"]
[BlackElo "1856"]
[Opening "Trompowsky attack (Ruth, Opocenský opening)"]
[ECO "A45"]
[Time "15:01:33"]
[TimeControl "2700+45"]

1. d4 Nf6 2. Bg5 d5 3. e3 e6 4. Nd2 Be7 5. Bd3 b6 6. Qe2 c5 7. c3 Bb7 8. f4 Nbd7
9. Ngf3 Ne4 10. Bxe7 Qxe7 11. O-O O-O 12. Ne5 f6 13. Ng4 Rf7 14. Rf3 Nf8 15.
Raf1 Bc6 16. Rh3 Re8 17. Nxe4 dxe4 18. Bc4 Bd5 19. Bb5 Rd8 20. Qe1 Bxa2 21. c4
cxd4 22. exd4 Qd6 23. Qc3 Qxd4+ 24. Qxd4 Rxd4 25. Rc1 Rd2 26. b3 Ng6 27. Rg3 Kf8
28. Nf2 f5 29. Ra1 Nxf4 30. Kf1 Rb2 31. b4 Bb1 32. Rga3 Rxb4 33. g3 Bd3+ 34. Ke1
Ng2+ 35. Kd1 Ne3+ 36. Kc1 Bxc4 37. Bxc4 Rxc4+ 38. Kd2 Nd5 39. Nd1 a5 40. Rb3
Rfc7 41. Rb2 Nb4 42. Ne3 R4c5 43. Rf1 Ke7 44. g4 Rd7+ 45. Ke2 g6 46. h4 Rd6 47.
h5 Nd3 48. Ra2 Nc1+ {White resigns} 0-1

[Event "Team 45 45 League T89"]
[Site "Internet Chess Club"]
[Date "2021.07.10"]
[Round "1"]
[White "ElValero"]
[Black "ascoli"]
[Result "1-0"]
[WhiteElo "1596"]
[BlackElo "1591"]
[Opening "English: symmetrical, three knights system"]
[ECO "A30"]
[Time "14:01:01"]
[TimeControl "2700+45"]

1. Nf3 Nf6 2. c4 c5 3. Nc3 d5 4. cxd5 Nxd5 5. d4 cxd4 6. Qxd4 Be6 7. e4 Nc6 8.
Bb5 Nxc3 9. Bxc6+ bxc6 10. Qxc3 Qb6 11. O-O Bd7 12. Be3 Qb5 13. Ne5 Rd8 14. Rfd1
Qb7 15. Rxd7 Rxd7 16. Nxd7 Qxd7 17. Rc1 c5 18. Qxc5 e6 19. Qc8+ Qxc8 20. Rxc8+
{Black resigns} 1-0

[Event "Team 45 45 League T89"]
[Site "Internet Chess Club"]
[Date "2021.07.08"]
[Round "1"]
[White "jaboti"]
[Black "VictorRed"]
[Result "1-0"]
[WhiteElo "1635"]
[BlackElo "1664"]
[Opening "Queen's pawn game, Chigorin variation"]
[ECO "D02"]
[Time "15:00:43"]
[TimeControl "2700+45"]

1. Nf3 d5 2. d4 Nc6 3. c4 Nf6 4. cxd5 Nxd5 5. e4 Nf6 6. Nc3 Bg4 7. d5 Ne5 8.
Nxe5 Bxd1 9. Bb5+ c6 10. dxc6 a6 11. c7+ axb5 12. cxd8=Q+ Rxd8 13. Nxd1 Nxe4 14.
O-O f6 15. Nf3 e5 16. Be3 b4 17. Rc1 Kd7 18. Bb6 Rc8 19. Rxc8 Kxc8 20. Ne3 Bd6
21. Rc1+ Kd7 22. Rc4 Ng5 23. Nxg5 fxg5 24. Nd5 Ra8 25. Nxb4 Bxb4 26. Rxb4 Rxa2
27. Kf1 Kc6 28. Bd8 h6 29. Be7 b5 30. Bf8 Ra7 31. Rb3 Rf7 32. Bb4 Rf4 33. Bc3
Re4 34. Rb4 Rxb4 35. Bxb4 g6 36. Bf8 h5 37. Bh6 g4 38. Be3 Kd5 39. Ke2 Kc4 40.
Bd2 b4 41. Ke3 Kb3 42. Ke4 Kxb2 43. Kxe5 b3 44. Be3 Kc3 45. Bd4+ Kd3 46. g3 Ke2
47. Kf6 b2 48. Bxb2 Kxf2 49. Kxg6 {Black resigns} 1-0

[Event "Team 45 45 League T89"]
[Site "Internet Chess Club"]
[Date "2021.07.09"]
[Round "1"]
[White "andrew37"]
[Black "gduranko"]
[Result "1-0"]
[WhiteElo "1620"]
[BlackElo "1439"]
[Opening "Three knights game"]
[ECO "C46"]
[Time "16:30:23"]
[TimeControl "2700+45"]

1. e4 e5 2. Nf3 Nc6 3. Nc3 Bc5 4. Nxe5 Nxe5 5. d4 Nf3+ 6. gxf3 Bb4 7. Rg1 Bxc3+
8. bxc3 Qf6 9. e5 Qh4 10. Rxg7 Qxh2 11. Bc4 d5 12. Bxd5 Be6 13. Bxe6 fxe6 14.
Rxc7 Ne7 15. Qd3 Qg1+ 16. Ke2 O-O 17. Rxe7 Rf5 18. Bb2 Qg2 19. Qe4 Raf8 20. Qg4+
Qxg4 21. fxg4 Rxf2+ 22. Kd3 R8f3+ 23. Kc4 Rxc2 24. Rb1 Rg3 25. Rxb7 Rxg4 26.
Rxa7 h5 27. Ba3 Rxa2 28. Rf1 Kh8 29. Kb3 Rag2 30. Rh1 h4 31. Be7 {Black resigns}
1-0

[Event "Team 45 45 League T89"]
[Site "Internet Chess Club"]
[Date "2021.07.10"]
[Round "1"]
[White "RD1974"]
[Black "goldeen7"]
[Result "1-0"]
[WhiteElo "1528"]
[BlackElo "1363"]
[Opening "Sicilian: closed"]
[ECO "B23"]
[Time "11:00:44"]
[TimeControl "2700+45"]

1. e4 c5 2. Nc3 d6 3. g3 Nf6 4. Bg2 e5 5. d3 Be6 6. h3 Nc6 7. Nge2 Be7 8. O-O
O-O 9. f4 Nd4 10. f5 Bd7 11. g4 h6 12. Be3 b5 13. Ng3 b4 14. Nce2 a5 15. Qd2 a4
16. Kh2 b3 17. Nxd4 cxd4 18. Bf2 bxc2 19. Qxc2 Rc8 20. Qe2 Qb6 21. Rfc1 Rc5 22.
Be1 Rfc8 23. Qd2 Bb5 24. Bf1 Qc6 25. Rxc5 dxc5 26. b3 Qa6 27. Rb1 axb3 28. axb3
Ra8 29. Rb2 Bd8 30. Qc2 Qa1 31. Rb1 Qa2 32. Rb2 Qa1 33. Bd2 Qa3 34. g5 hxg5 35.
Bxg5 Ng4+ 36. hxg4 Bxg5 37. Be2 Bf4 38. Kg2 Qb4 39. Nh5 Ra1 40. Rb1 Rxb1 41.
Qxb1 Qd2 42. Kf1 Qc1+ 43. Qxc1 Bxc1 44. Ke1 Kh7 45. Kd1 Ba3 46. g5 Kh8 47. Kc2
Be8 48. Ng3 Kg8 49. Bh5 Kf8 50. Nf1 Bb5 51. Nd2 Bb4 52. Nf3 f6 53. gxf6 gxf6 54.
Nh2 Kg7 55. Nf3 Kf8 56. Nh4 Be8 57. Bg6 Bf7 58. Bxf7 Kxf7 59. Kd1 Ba5 60. Ke2
Bd8 61. Kf3 Kg7 62. Kg4 Kh6 63. Nf3 Kg7 64. Kh5 Be7 65. Nd2 Bd8 66. Nc4 Bc7 67.
Na3 Kf7 68. Nb5 Bd8 69. Nd6+ Ke7 70. Nc8+ Kd7 71. Na7 Kc7 72. Nb5+ Kc6 73. Na3
Be7 74. Kg6 Kb6 75. Kf7 Bd8 76. Nc4+ Kb5 77. Nd6+ Kb4 78. Ne8 Kxb3 79. Nxf6 Bxf6
80. Kxf6 c4 81. Kxe5 cxd3 82. f6 d2 83. f7 d1=Q 84. f8=Q Qh5+ 85. Kxd4 Qd1+ 86.
Ke5 Qh5+ 87. Qf5 Qe8+ 88. Qe6+ Qxe6+ 89. Kxe6 Kc4 90. Kd6 Kd4 91. e5 {Black
resigns} 1-0

[Event "Team 45 45 League T89"]
[Site "Internet Chess Club"]
[Date "2021.07.09"]
[Round "1"]
[White "RoyalFizzbin"]
[Black "WillC"]
[Result "0-1"]
[WhiteElo "1262"]
[BlackElo "1472"]
[Opening "Scandinavian defense"]
[ECO "B01"]
[Time "17:01:16"]
[TimeControl "2700+45"]

1. e4 d5 2. exd5 Nf6 3. Nf3 Nxd5 4. d4 Bf5 5. Bd3 Bg4 6. O-O e6 7. Re1 Be7 8. c3
O-O 9. Nbd2 Nd7 10. Qc2 h6 11. h3 Bxf3 12. Nxf3 c5 13. dxc5 Nxc5 14. Nd4 Rc8 15.
b4 Nxd3 16. Qxd3 Rxc3 17. Qb5 Bxb4 18. Bb2 Rc5 19. Qxb7 Bxe1 20. Rxe1 Rc7 21.
Qb3 Qc8 22. Qg3 Qb8 23. Nxe6 fxe6 24. Be5 Qc8 25. Bxc7 Qxc7 26. Qg6 Rf6 27. Qe8+
Kh7 28. Rxe6 Rxe6 29. Qxe6 Nf6 30. Qf5+ Kh8 31. Qg6 Qc1+ 32. Kh2 Qd2 33. f3 Qxa2
34. Qf7 Qxf7 {White resigns} 0-1

[Event "Team 45 45 League T89"]
[Site "Internet Chess Club"]
[Date "2021.07.10"]
[Round "1"]
[White "liujf"]
[Black "nidusin2"]
[Result "0-1"]
[WhiteElo "1562"]
[BlackElo "1666"]
[Opening "Queen's pawn"]
[ECO "A40"]
[Time "10:32:32"]
[TimeControl "2700+45"]

1. d4 e6 2. Bf4 b6 3. Nf3 Bb7 4. e3 Nf6 5. Bd3 d5 6. Nbd2 Nbd7 7. O-O Be7 8. h3
Ne4 9. c4 O-O 10. Qc2 f5 11. cxd5 Nxd2 12. Nxd2 Bxd5 13. Qxc7 Qe8 14. Bb5 Rd8
15. Qxa7 Bb4 16. Nb3 Qg6 17. Bg3 Nf6 18. a3 Bd6 19. Be2 Bxg3 20. fxg3 Bxb3 21.
Qxb6 Bd5 22. Bf3 Qxg3 23. Bxd5 Qxe3+ 24. Kh1 Nxd5 25. Rae1 Qxe1 26. Rxe1 Nxb6
27. Rxe6 Nc4 28. a4 Nxb2 29. a5 Rxd4 30. a6 Ra4 31. Kh2 Ra8 32. Rb6 Nc4 33. Rb5
g6 34. Rb7 R8xa6 35. Rb8+ Kg7 36. Rb7+ Kh6 37. h4 Ra7 38. Rb3 Kh5 39. Kh3 Ra3
{White resigns} 0-1

[Event "Team 45 45 League T89"]
[Site "Internet Chess Club"]
[Date "2021.07.08"]
[Round "1"]
[White "Insan996"]
[Black "Kingfisher75"]
[Result "0-1"]
[WhiteElo "1557"]
[BlackElo "1592"]
[Opening "Queen's gambit accepted"]
[ECO "D20"]
[Time "20:00:34"]
[TimeControl "2700+45"]

1. d4 d5 2. c4 dxc4 3. Nc3 a6 4. e3 b5 5. a4 b4 6. Na2 e5 7. Qf3 c6 8. Bxc4 Nf6
9. dxe5 Bg4 10. exf6 Bxf3 11. Nxf3 Qxf6 12. O-O Be7 13. Rb1 O-O 14. b3 Nd7 15.
Bb2 Qd6 16. Rfd1 Qc7 17. Rbc1 Nb6 18. Be2 a5 19. Nd4 c5 20. Bf3 Rad8 21. g3 Bf6
22. Kg2 c4 23. bxc4 Nxa4 24. Nb5 Qe7 25. Bxf6 Qxf6 26. c5 Rxd1 27. Bxd1 Qc6+
{White resigns} 0-1

[Event "Team 45 45 League T89"]
[Site "Internet Chess Club"]
[Date "2021.07.09"]
[Round "1"]
[White "cayo89"]
[Black "fireball"]
[Result "1/2-1/2"]
[WhiteElo "1504"]
[BlackElo "1549"]
[Opening "Queen's pawn: London system"]
[ECO "A45"]
[Time "15:07:42"]
[TimeControl "2700+45"]

1. d4 Nf6 2. Bf4 c5 3. e3 d6 4. c3 Qb6 5. Qb3 Nbd7 6. Nf3 e6 7. h3 Qxb3 8. axb3
Nd5 9. Bh2 f5 10. Nbd2 N7b6 11. e4 Nf6 12. Bd3 cxd4 13. Nxd4 fxe4 14. Nxe4 Nxe4
15. Bxe4 d5 16. Bf3 Bd7 17. O-O Bc5 18. Bh5+ g6 19. Be5 Rf8 20. Bg4 Ke7 21. Ra5
Bd6 22. Bxd6+ Kxd6 23. f4 h5 24. Be2 a6 25. Bd3 Rf6 26. Raa1 Raf8 27. Rae1 Rxf4
28. Rxf4 Rxf4 29. Bxg6 h4 30. Nf3 Nc8 31. Bh5 Ne7 32. Bg4 Ng6 33. Bh5 Ne7 34.
Bg4 Ng6 {Game drawn by mutual agreement} 1/2-1/2